Influenza vs Patriotes

Created - November 8, 2018 at 19:00

Goals
1 2 3 T
Influenza 1 2 0 3
Patriotes 1 0 1 2
Shots
1 2 3 T
Influenza 10 18 10 38
Patriotes 12 7 12 31

1st period

1. Patriotes , Timothy Kunes 4 (Evgeny Kuznetsov 11, Anthony Bitetto 4) at 12:43
2. Influenza , Max Domi 5 (Iiro Pakarinen 5, Mark Olver 5) at 18:15

Penalties :
Anthony Bitetto (Nyc) for Hooking (Minor) at 7:24

2nd period

3. Influenza , Tim Erixon 1 (Iiro Pakarinen 6, Max Domi 3) at 6:14 (PP)
4. Influenza , Beau Bennett 11 (Jimmy Vesey 6, Calvin de Haan 17) at 8:19 (PP)

Penalties :
Borna Rendulic (Nyc) for Holding (Minor) at 5:40, Shea Theodore (Nyc) for Roughing (Minor) at 7:30, Anthony Mantha (VJB) for Roughing (Minor) at 16:46

3rd period

5. Patriotes , Matt Calvert 2 (Jason Zucker 10) at 15:10 (SH)

Penalties :
Christian Hanson (Nyc) for Checking from behind (Minor) at 4:12, Timothy Kunes (Nyc) for Roughing (Minor) at 9:54, Jake Guentzel (VJB) for Holding (Minor) at 12:23, Timothy Kunes (Nyc) for Tripping (Minor) at 14:56, Calvin de Haan (VJB) for Interference (Minor) at 19:33

Goalie Stats

Jeremy Duchesne (VJB), 29 saves from 31 shots - (0.935), W, 5-4-0, 60:00 minutes
Thomas Greiss (Nyc), 35 saves from 38 shots - (0.921), L, 3-3-0, 58:50 minutes

Players Stats for Influenza

Player Name              G  A  P  +/- PIM S  H  SB GA TA FO     MP     PP MP  PK MP  
------------------------------------------------------------------------------------
Anthony Mantha           0  0  0   0  2   1  1  0  0  0  0/1    11:16   0:00   0:00 
Beau Bennett             1  0  1  -2  0   2  0  1  0  0  2/4    23:08   5:28   2:19 
Calvin de Haan           0  1  1   0  2   4  2  0  0  2  0/0    26:00   5:51   2:25 
Charlie Coyle            0  0  0  -2  0   1  2  2  0  0  11/27  22:49   5:28   2:11 
Dmitry Sinitsyn          0  0  0   0  0   1  0  1  0  1  0/0    12:14   0:00   0:00 
Iiro Pakarinen           0  2  2   1  0   3  1  0  1  0  0/0    16:14   3:51   0:00 
Jake Guentzel            0  0  0   0  2   3  1  1  0  0  2/5    11:01   0:02   0:00 
Jimmy Vesey              0  1  1  -2  0   3  2  1  1  0  3/6    22:06   5:28   0:58 
Johan Larsson            0  0  0   0  0   1  1  0  1  0  0/0    11:45   0:00   0:58 
Jordan Schroeder         0  0  0   0  0   3  1  0  0  0  0/4     7:50   0:00   0:23 
Justin Bailey            0  0  0   0  0   1  1  0  0  0  0/0     7:16   0:00   0:00 
Mark Olver               0  1  1   1  0   2  2  1  1  0  7/15   17:42   3:51   0:58 
Mathieu Carle            0  0  0   0  0   3  3  1  4  1  0/0    26:25   5:51   2:49 
Max Domi                 1  1  2   1  0   4  1  0  1  0  2/2    17:11   3:49   1:01 
Nikita Gusev             0  0  0   0  0   0  0  0  0  0  0/0     7:16   0:00   0:00 
Nikita Zadorov           0  0  0   0  0   0  0  1  0  2  0/0    12:38   0:00   0:24 
Paul Ladue               0  0  0  -1  0   3  2  1  0  1  0/0    21:21   3:28   1:35 
Tim Erixon               1  0  1  -1  0   3  1  2  0  0  0/0    21:21   3:28   1:35 

Players Stats for Patriotes

Player Name              G  A  P  +/- PIM S  H  SB GA TA FO     MP     PP MP  PK MP  
------------------------------------------------------------------------------------
Aaron Ness               0  0  0   0  0   0  0  0  0  0  0/0     4:31   0:00   0:00 
Aleksander Barkov        0  0  0  -1  0   3  0  0  1  0  7/8    11:32   0:00   0:00 
Anthony Bitetto          0  1  1   2  2   2  4  1  0  0  0/0    23:38   2:38   4:52 
Austin Watson            0  0  0   0  0   0  0  0  0  0  0/0     0:58   0:09   0:49 
Borna Rendulic           0  0  0  -1  2   0  0  0  0  0  1/1    11:31   0:00   0:00 
Christian Hanson         0  0  0   0  2   1  1  1  0  2  13/23  20:59   2:22   2:08 
Dale Weise               0  0  0   0  0   0  1  0  0  0  0/0     6:20   0:00   0:00 
David Kolomatis          0  0  0  -1  0   0  1  3  0  2  0/0    20:55   1:46   3:02 
Dillon Heatherington     0  0  0   0  0   0  1  0  0  0  0/0    11:37   0:00   2:03 
Emerson Etem             0  0  0   1  0   1  0  1  1  0  0/0    13:49   2:02   0:00 
Evgeny Kuznetsov         0  1  1   1  0   3  0  2  0  0  6/11   14:18   2:02   0:18 
Jared Knight             0  0  0   0  0   1  1  0  1  0  2/5     6:20   0:00   0:00 
Jason Zucker             0  1  1   1  0   6  0  1  2  1  5/10   24:20   2:19   5:39 
Justin Florek            0  0  0  -1  0   2  1  0  0  0  0/1    11:32   0:00   0:00 
Mario Lucia              0  0  0   0  0   0  0  0  0  0  0/0     0:00   0:00   0:00 
Matt Calvert             1  0  1   2  0   1  2  0  0  0  2/3    19:38   2:02   5:41 
Maxim Mamin              0  0  0   0  0   0  0  0  0  0  0/0     0:00   0:00   0:00 
Riley Barber             0  0  0   0  0   0  0  0  0  0  0/0     1:23   0:00   1:23 
Robert Baillargeon       0  0  0   0  0   0  0  0  0  0  0/0     0:00   0:00   0:00 
Ryan Fitzgerald          0  0  0   0  0   0  0  0  0  0  0/0     0:00   0:00   0:00 
Shane Sims               0  0  0  -1  0   4  0  0  1  1  0/0    19:21   1:46   2:46 
Shea Theodore            0  0  0   1  2   2  0  0  1  1  0/0    14:41   0:00   2:18 
Timothy Kunes            1  0  1   1  4   1  1  2  0  1  0/0    25:26   2:38   3:37 
Tyler Randell            0  0  0   0  0   0  3  0  0  0  1/2    21:26   2:16   2:40 
Vince Hinostroza         0  0  0   0  0   4  0  0  0  1  0/0     6:20   0:00   0:00 

3 Stars

1 - Max Domi (VJB)
2 - Matt Calvert (Nyc)
3 - Iiro Pakarinen (VJB)

Power Play

Influenza - 2 on 6 Attempt(s) - 33.33%
Patriotes - 0 on 3 Attempt(s) - 0.00%

Penalty Kill

Influenza - 3 on 3 Attempt(s) - 100.00% - Score 0 goal in Penalty Kill
Patriotes - 4 on 6 Attempt(s) - 66.67% - Score 1 goal in Penalty Kill

Team Stat

Influenza - Hits : 21 - Faceoff Wins : 27 - Blocked Shots : 12 - Penalty Minutes : 6
Patriotes - Hits : 16 - Faceoff Wins : 37 - Blocked Shots : 11 - Penalty Minutes : 12

Official

Referees : Unknown
Linesman : Unknown

Game Notes

12:43 of 1st period - Patriotes goal is going for a video replay. After video review, Goal.
Aaron Ness is injured at 2:09 of 2nd period (Bruised Left Leg)

Finance

Level 1 -- Attendance: 1534 (76.70%) -- Ticket Income $61,360
Level 2 -- Attendance: 747 (74.70%) -- Ticket Income $14,940
Total Attendance: 2281 (76.03%)
Total Ticket Income: $76,300
Other Income: $3,815
Total Income: $80,115

Influenza

5 vs 5 Forward 
   Center                   Left Wing                Right Wing               Time % Phy DF OF 
 1 Charlie Coyle            Jimmy Vesey              Beau Bennett             40     1   2  2  
 2 Mark Olver               Max Domi                 Iiro Pakarinen           30     1   2  2  
 3 Jake Guentzel            Johan Larsson            Anthony Mantha           20     1   2  2  
 4 Jordan Schroeder         Nikita Gusev             Justin Bailey            10     1   2  2  

5 vs 5 Defense 
   Defense                  Defense                                           Time % Phy DF OF 
 1 Mathieu Carle            Calvin de Haan                                    40     1   2  2  
 2 Paul Ladue               Tim Erixon                                        30     1   2  2  
 3 Dmitry Sinitsyn          Nikita Zadorov                                    20     1   2  2  
 4 Mathieu Carle            Calvin de Haan                                    10     1   2  2  

PowerPlay Forward 
   Center                   Left Wing                Right Wing               Time % Phy DF OF 
 1 Charlie Coyle            Jimmy Vesey              Beau Bennett             60     1   2  2  
 2 Mark Olver               Max Domi                 Iiro Pakarinen           40     1   2  2  

PowerPlay Defense
   Defense                  Defense                                           Time % Phy DF OF 
 1 Mathieu Carle            Calvin de Haan                                    60     1   2  2  
 2 Paul Ladue               Tim Erixon                                        40     1   2  2  

Penalty Kill 4 Players Forward 
   Center                   Wing                     Time % Phy DF OF 
 1 Charlie Coyle            Beau Bennett             60     1   2  2  
 2 Mark Olver               Jimmy Vesey              40     1   2  2  

Penalty Kill 4 Players Defense
   Defense                  Defense                  Time % Phy DF OF 
 1 Mathieu Carle            Calvin de Haan           60     1   2  2  
 2 Paul Ladue               Tim Erixon               40     1   2  2  

Penalty Kill - 3 Players Forward 
   Forward                                           Time % Phy DF OF 
 1 Charlie Coyle                                     60     1   2  2  
 2 Mark Olver                                        40     1   2  2  

Penalty Kill - 3 Players Defense
   Defense                  Defense                  Time % Phy DF OF 
 1 Mathieu Carle            Calvin de Haan           60     1   2  2  
 2 Paul Ladue               Tim Erixon               40     1   2  2  

4 vs 4 Forward 
   Center                   Wing                     Time % Phy DF OF 
 1 Charlie Coyle            Beau Bennett             60     1   2  2  
 2 Mark Olver               Jimmy Vesey              40     1   2  2  

4 vs 4 Defense
   Defense                  Defense                  Time % Phy DF OF 
 1 Mathieu Carle            Calvin de Haan           60     1   2  2  
 2 Paul Ladue               Tim Erixon               40     1   2  2  

Last Minutes Offensive
   Center                   Left Wing                Right Wing               Defense                  Defense                  
   Charlie Coyle            Jimmy Vesey              Beau Bennett             Mathieu Carle            Calvin de Haan           

Last Minutes Defensive
   Center                   Left Wing                Right Wing               Defense                  Defense                  
   Charlie Coyle            Jimmy Vesey              Beau Bennett             Mathieu Carle            Calvin de Haan           

Goaltenders
Starting : Jeremy Duchesne          
Backup : Tyson Sexsmith           

Extra Forwards
Normal : Jake Guentzel, Jordan Schroeder, Max Domi - PP : Jake Guentzel, Jordan Schroeder - PK : Max Domi
Extra Defensemen
Normal : Dmitry Sinitsyn, Nikita Zadorov, Paul Ladue - PP : Dmitry Sinitsyn - PK : Nikita Zadorov, Paul Ladue
Penalty Shots
Jimmy Vesey, Charlie Coyle, Beau Bennett, Mark Olver, Max Domi

Scratches
Jacob Josefson (Healthy), Shane Prince (Healthy), Jamie Devane (Healthy), Jeff Corbett (Healthy), Joe Morrow (Healthy)
Henri Ikonen (Healthy), Fredric Larsson (Healthy), Tom Kuhnhackl (Healthy), Rocco Grimaldi (Healthy), Josh Andrerson (Healthy)
Jesse Graham (Healthy), Jamie Phillips (Healthy)

Patriotes

5 vs 5 Forward 
   Center                   Left Wing                Right Wing               Time % Phy DF OF 
 1 Christian Hanson         Jason Zucker             Tyler Randell            40     1   2  2  
 2 Evgeny Kuznetsov         Matt Calvert             Emerson Etem             30     1   2  2  
 3 Aleksander Barkov        Justin Florek            Borna Rendulic           20     1   2  2  
 4 Jared Knight             Vince Hinostroza         Dale Weise               10     1   2  2  

5 vs 5 Defense 
   Defense                  Defense                                           Time % Phy DF OF 
 1 Timothy Kunes            Anthony Bitetto                                   40     1   2  2  
 2 Shane Sims               David Kolomatis                                   30     1   2  2  
 3 Aaron Ness               Shea Theodore                                     20     1   2  2  
 4 Dillon Heatherington     Timothy Kunes                                     10     1   2  2  

PowerPlay Forward 
   Center                   Left Wing                Right Wing               Time % Phy DF OF 
 1 Christian Hanson         Jason Zucker             Tyler Randell            60     1   2  2  
 2 Evgeny Kuznetsov         Matt Calvert             Emerson Etem             40     1   2  2  

PowerPlay Defense
   Defense                  Defense                                           Time % Phy DF OF 
 1 Timothy Kunes            Anthony Bitetto                                   60     1   2  2  
 2 Shane Sims               David Kolomatis                                   40     1   2  2  

Penalty Kill 4 Players Forward 
   Center                   Wing                     Time % Phy DF OF 
 1 Jason Zucker             Matt Calvert             60     1   2  2  
 2 Christian Hanson         Tyler Randell            40     1   2  2  

Penalty Kill 4 Players Defense
   Defense                  Defense                  Time % Phy DF OF 
 1 Timothy Kunes            Anthony Bitetto          60     1   2  2  
 2 Shane Sims               David Kolomatis          40     1   2  2  

Penalty Kill - 3 Players Forward 
   Forward                                           Time % Phy DF OF 
 1 Jason Zucker                                      60     1   2  2  
 2 Matt Calvert                                      40     1   2  2  

Penalty Kill - 3 Players Defense
   Defense                  Defense                  Time % Phy DF OF 
 1 Timothy Kunes            Anthony Bitetto          60     1   2  2  
 2 Shane Sims               David Kolomatis          40     1   2  2  

4 vs 4 Forward 
   Center                   Wing                     Time % Phy DF OF 
 1 Jason Zucker             Matt Calvert             60     1   2  2  
 2 Christian Hanson         Tyler Randell            40     1   2  2  

4 vs 4 Defense
   Defense                  Defense                  Time % Phy DF OF 
 1 Timothy Kunes            Anthony Bitetto          60     1   2  2  
 2 Shane Sims               David Kolomatis          40     1   2  2  

Last Minutes Offensive
   Center                   Left Wing                Right Wing               Defense                  Defense                  
   Christian Hanson         Jason Zucker             Tyler Randell            Timothy Kunes            Anthony Bitetto          

Last Minutes Defensive
   Center                   Left Wing                Right Wing               Defense                  Defense                  
   Christian Hanson         Jason Zucker             Tyler Randell            Timothy Kunes            Anthony Bitetto          

Goaltenders
Starting : Thomas Greiss            
Backup : Andrei Vasilevskiy       

Extra Forwards
Normal : Austin Watson, Ryan Fitzgerald, Riley Barber - PP : Austin Watson, Ryan Fitzgerald - PK : Riley Barber
Extra Defensemen
Normal : Aaron Ness, Shea Theodore, Dillon Heatherington - PP : Aaron Ness - PK : Shea Theodore, Dillon Heatherington
Penalty Shots
Jason Zucker, Matt Calvert, Christian Hanson, Tyler Randell, Evgeny Kuznetsov

Scratches
Phoenix Copley (Healthy)

% Time on Ice - Influenza

Lines # - Real PCT - Wanted PCT - Time Play
Normal Forward
1 - 32% - 40% - 14:33
2 - 28% - 30% - 12:53
3 - 24% - 20% - 10:47
4 - 16% - 10% - 7:16
Normal Defense
1 - 35% - 40% - 15:52
2 - 34% - 30% - 15:41
3 - 27% - 20% - 12:14
4 - 4% - 10% - 1:42
PP Forward
1 - 59% - 60% - 5:28
2 - 41% - 40% - 3:51
PP Defense
1 - 63% - 60% - 5:51
2 - 37% - 40% - 3:28
PK Forward
1 - 78% - 60% - 3:26
2 - 22% - 40% - 0:58
PK Defense
1 - 64% - 60% - 2:49
2 - 36% - 40% - 1:35
PK3 Forward
1 - 0% - 60%
2 - 0% - 40%
PK3 Defense
1 - 0% - 60%
2 - 0% - 40%
44 Forward
1 - 0% - 60%
2 - 0% - 40%
44 Defense
1 - 0% - 60%
2 - 0% - 40%
Last Minute Offensive  - 0:00
Last Minute Defensive  - 0:48
Total
Forward - 60:00
Defense - 60:00

% Time on Ice - Patriotes

Lines # - Real PCT - Wanted PCT - Time Play
Normal Forward
1 - 34% - 40% - 15:33
2 - 27% - 30% - 12:03
3 - 25% - 20% - 11:32
4 - 14% - 10% - 6:20
Normal Defense
1 - 36% - 40% - 16:11
2 - 33% - 30% - 14:49
3 - 25% - 20% - 11:27
4 - 7% - 10% - 3:01
PP Forward
1 - 54% - 60% - 2:22
2 - 46% - 40% - 2:02
PP Defense
1 - 60% - 60% - 2:38
2 - 40% - 40% - 1:46
PK Forward
1 - 71% - 60% - 6:39
2 - 29% - 40% - 2:40
PK Defense
1 - 70% - 60% - 6:33
2 - 30% - 40% - 2:46
PK3 Forward
1 - 0% - 60%
2 - 0% - 40%
PK3 Defense
1 - 0% - 60%
2 - 0% - 40%
44 Forward
1 - 0% - 60%
2 - 0% - 40%
44 Defense
1 - 0% - 60%
2 - 0% - 40%
Last Minute Offensive  - 0:49
Last Minute Defensive  - 0:00
Total
Forward - 60:00
Defense - 60:00

Play by Play

1st period


0:01 of 1st period - Christian Hanson wins face-off versus Charlie Coyle in neutral zone.
0:07 of 1st period - Wrist shot by Anthony Bitetto.
0:07 of 1st period - Shot Misses the Net.
0:09 of 1st period - Slapshot by Timothy Kunes.
0:09 of 1st period - Shot Misses the Net.
0:11 of 1st period - Snap shot by Tyler Randell.
0:11 of 1st period - Deflect By Jason Zucker.
0:11 of 1st period - Stopped by Jeremy Duchesne without a rebound.
0:12 of 1st period - Mark Olver wins face-off versus Evgeny Kuznetsov in Influenza zone.
0:41 of 1st period - Icing by Justin Florek.
0:42 of 1st period - Aleksander Barkov wins face-off versus Jake Guentzel in Patriotes zone.
0:57 of 1st period - Snap shot by Aleksander Barkov.
0:57 of 1st period - Deflect By Justin Florek.
0:57 of 1st period - Shot Misses the Net.
0:57 of 1st period - Puck is out of play.
0:58 of 1st period - Charlie Coyle wins face-off versus Jason Zucker in Influenza zone.
1:17 of 1st period - Calvin de Haan is hit by Anthony Bitetto and loses puck.
1:29 of 1st period - Off-side.
1:30 of 1st period - Jared Knight wins face-off versus Jordan Schroeder in neutral zone.
1:45 of 1st period - Wrist shot by Vince Hinostroza.
1:45 of 1st period - Stopped by Jeremy Duchesne without a rebound.
1:46 of 1st period - Max Domi wins face-off versus Evgeny Kuznetsov in Influenza zone.
1:57 of 1st period - Slapshot by Mark Olver.
1:57 of 1st period - Shot Blocked by Timothy Kunes.
2:13 of 1st period - Beau Bennett is hit by Christian Hanson and loses puck.
2:40 of 1st period - Dillon Heatherington is hit by Justin Bailey and loses puck.
3:06 of 1st period - Aleksander Barkov is hit by Anthony Mantha and loses puck.
3:43 of 1st period - Slapshot by Jimmy Vesey.
3:43 of 1st period - Shot Misses the Net.
4:07 of 1st period - Slapshot by Justin Florek.
4:07 of 1st period - Shot Misses the Net.
4:09 of 1st period - Slapshot by Shane Sims.
4:09 of 1st period - Stopped by Jeremy Duchesne with a rebound.
4:24 of 1st period - Backhand shot by Jake Guentzel.
4:24 of 1st period - Deflect By Anthony Mantha.
4:24 of 1st period - Shot Misses the Net.
4:24 of 1st period - Puck is out of play.
4:25 of 1st period - Jason Zucker wins face-off versus Beau Bennett in Patriotes zone.
7:09 of 1st period - Wrist shot by Christian Hanson.
7:09 of 1st period - Shot Blocked by Tim Erixon.
7:11 of 1st period - Slapshot by Aaron Ness.
7:11 of 1st period - Shot Blocked by Tim Erixon.
7:13 of 1st period - Wrist shot by Tyler Randell.
7:13 of 1st period - Shot Misses the Net.
7:24 of 1st period - Minor Penalty to Anthony Bitetto for Hooking.
7:25 of 1st period - Beau Bennett wins face-off versus Jason Zucker in Patriotes zone.
7:28 of 1st period - Snap shot by Beau Bennett.
7:28 of 1st period - Shot Blocked by Jason Zucker.
7:30 of 1st period - Wrist shot by Jimmy Vesey.
7:30 of 1st period - Shot Misses the Net.
7:32 of 1st period - Wrist shot by Beau Bennett.
7:32 of 1st period - Stopped by Thomas Greiss with a rebound.
7:34 of 1st period - Slapshot by Calvin de Haan.
7:34 of 1st period - Deflect By Matt Calvert.
7:34 of 1st period - Stopped by Thomas Greiss with a rebound.
7:44 of 1st period - Calvin de Haan is hit by Timothy Kunes and loses puck.
8:45 of 1st period - Icing by Mathieu Carle.
8:46 of 1st period - Matt Calvert wins face-off versus Mark Olver in Influenza zone.
9:24 of 1st period - Penalty to Anthony Bitetto is over, Anthony Bitetto is back on ice.
9:41 of 1st period - Wrist shot by Aleksander Barkov.
9:41 of 1st period - Stopped by Jeremy Duchesne with a rebound.
9:58 of 1st period - Slapshot by Timothy Kunes.
9:58 of 1st period - Deflect By Vince Hinostroza.
9:58 of 1st period - Stopped by Jeremy Duchesne with a rebound.
10:00 of 1st period - Slapshot by Jared Knight.
10:00 of 1st period - Shot Misses the Net.
10:10 of 1st period - Slapshot by Vince Hinostroza.
10:10 of 1st period - Stopped by Jeremy Duchesne without a rebound.
10:11 of 1st period - Christian Hanson wins face-off versus Charlie Coyle in Influenza zone.
10:32 of 1st period - Snap shot by Iiro Pakarinen.
10:32 of 1st period - Stopped by Thomas Greiss with a rebound.
10:34 of 1st period - Snap shot by Mark Olver.
10:34 of 1st period - Deflect By Max Domi.
10:34 of 1st period - Deflect By Shane Sims.
10:34 of 1st period - Shot Blocked by David Kolomatis.
10:34 of 1st period - Puck is out of play.
10:35 of 1st period - Mark Olver wins face-off versus Jared Knight in Patriotes zone.
10:42 of 1st period - Mark Olver is hit by Dale Weise and loses puck.
11:06 of 1st period - Snap shot by Christian Hanson.
11:06 of 1st period - Shot Misses the Net.
11:12 of 1st period - Wrist shot by Jason Zucker.
11:12 of 1st period - Shot Blocked by Charlie Coyle.
11:26 of 1st period - Shane Sims is hit by Johan Larsson and loses puck.
12:08 of 1st period - Tim Erixon is hit by Tyler Randell and loses puck.
12:31 of 1st period - Snap shot by Jared Knight.
12:31 of 1st period - Deflect By Vince Hinostroza.
12:31 of 1st period - Shot Misses the Net.
12:31 of 1st period - Puck is out of play.
12:32 of 1st period - Evgeny Kuznetsov wins face-off versus Charlie Coyle in Influenza zone.
12:41 of 1st period - Snap shot by Evgeny Kuznetsov.
12:41 of 1st period - Shot Blocked by Paul Ladue.
12:43 of 1st period - Slapshot by Timothy Kunes.
12:43 of 1st period - Patriotes goal is going for a video replay.
12:43 of 1st period - The goal is good.
12:43 of 1st period - Goal by Timothy Kunes - Influenza : 0 - Patriotes : 1.
12:44 of 1st period - Christian Hanson wins face-off versus Charlie Coyle in neutral zone.
12:49 of 1st period - Charlie Coyle is hit by Anthony Bitetto and loses puck.
13:09 of 1st period - Matt Calvert is hit by Mathieu Carle and loses puck.
13:16 of 1st period - Snap shot by Jake Guentzel.
13:16 of 1st period - Shot Blocked by Anthony Bitetto.
13:18 of 1st period - Slapshot by Tim Erixon.
13:18 of 1st period - Deflect By Jake Guentzel.
13:18 of 1st period - Stopped by Thomas Greiss without a rebound.
13:19 of 1st period - Evgeny Kuznetsov wins face-off versus Charlie Coyle in Patriotes zone.
13:19 of 1st period - Evgeny Kuznetsov is hit by Paul Ladue.
13:34 of 1st period - Snap shot by Beau Bennett.
13:34 of 1st period - Shot Misses the Net.
13:52 of 1st period - Slapshot by Johan Larsson.
13:52 of 1st period - Stopped by Thomas Greiss with a rebound.
14:31 of 1st period - Snap shot by Vince Hinostroza.
14:31 of 1st period - Shot Blocked by Mathieu Carle.
14:45 of 1st period - Snap shot by Jimmy Vesey.
14:45 of 1st period - Stopped by Thomas Greiss with a rebound.
14:53 of 1st period - Slapshot by Charlie Coyle.
14:53 of 1st period - Deflect By Shea Theodore.
14:53 of 1st period - Shot Blocked by Evgeny Kuznetsov.
14:53 of 1st period - Puck is out of play.
14:54 of 1st period - Mark Olver wins face-off versus Christian Hanson in Patriotes zone.
15:28 of 1st period - Wrist shot by Emerson Etem.
15:28 of 1st period - Shot Misses the Net.
15:30 of 1st period - Snap shot by Matt Calvert.
15:30 of 1st period - Deflect By Emerson Etem.
15:30 of 1st period - Shot Blocked by Beau Bennett.
15:30 of 1st period - Puck is out of play.
15:31 of 1st period - Aleksander Barkov wins face-off versus Charlie Coyle in Influenza zone.
15:42 of 1st period - Slapshot by Shane Sims.
15:42 of 1st period - Deflect By Calvin de Haan.
15:42 of 1st period - Stopped by Jeremy Duchesne without a rebound.
15:43 of 1st period - Charlie Coyle wins face-off versus Christian Hanson in Influenza zone.
15:48 of 1st period - Timothy Kunes is hit by Mathieu Carle and loses puck.
15:55 of 1st period - Wrist shot by Jimmy Vesey.
15:55 of 1st period - Shot Misses the Net.
15:57 of 1st period - Slapshot by Jimmy Vesey.
15:57 of 1st period - Shot Misses the Net.
15:59 of 1st period - Slapshot by Mathieu Carle.
15:59 of 1st period - Stopped by Thomas Greiss without a rebound.
16:00 of 1st period - Evgeny Kuznetsov wins face-off versus Mark Olver in Patriotes zone.
16:09 of 1st period - Snap shot by Emerson Etem.
16:09 of 1st period - Stopped by Jeremy Duchesne with a rebound.
16:25 of 1st period - Calvin de Haan is hit by Tyler Randell.
16:29 of 1st period - Tyler Randell is hit by Paul Ladue and loses puck.
16:52 of 1st period - Wrist shot by Jordan Schroeder.
16:52 of 1st period - Shot Misses the Net.
16:54 of 1st period - Wrist shot by Nikita Zadorov.
16:54 of 1st period - Shot Blocked by Christian Hanson.
16:56 of 1st period - Slapshot by Dmitry Sinitsyn.
16:56 of 1st period - Stopped by Thomas Greiss without a rebound.
16:57 of 1st period - Charlie Coyle wins face-off versus Evgeny Kuznetsov in Patriotes zone.
17:10 of 1st period - Slapshot by Evgeny Kuznetsov.
17:10 of 1st period - Stopped by Jeremy Duchesne without a rebound.
17:11 of 1st period - Aleksander Barkov wins face-off versus Mark Olver in Influenza zone.
17:12 of 1st period - Snap shot by Justin Florek.
17:12 of 1st period - Deflect By Max Domi.
17:12 of 1st period - Shot Misses the Net.
17:12 of 1st period - Puck is out of play.
17:13 of 1st period - Aleksander Barkov wins face-off versus Mark Olver in Influenza zone.
17:16 of 1st period - Snap shot by Aleksander Barkov.
17:16 of 1st period - Stopped by Jeremy Duchesne without a rebound.
17:17 of 1st period - Max Domi wins face-off versus Aleksander Barkov in Influenza zone.
17:17 of 1st period - Max Domi is hit by Justin Florek.
17:27 of 1st period - Calvin de Haan is hit by David Kolomatis and loses puck.
17:36 of 1st period - Shane Sims is hit by Mark Olver and loses puck.
18:15 of 1st period - Snap shot by Iiro Pakarinen.
18:15 of 1st period - Deflect By Max Domi.
18:15 of 1st period - Goal by Max Domi - Influenza : 1 - Patriotes : 1.
18:16 of 1st period - Charlie Coyle wins face-off versus Christian Hanson in neutral zone.
18:41 of 1st period - Paul Ladue is hit by Anthony Bitetto and loses puck.
19:10 of 1st period - Shane Sims is hit by Jimmy Vesey and loses puck.
19:45 of 1st period - Slapshot by Shane Sims.
19:45 of 1st period - Stopped by Jeremy Duchesne with a rebound.
19:56 of 1st period - Slapshot by Calvin de Haan.
19:56 of 1st period - Stopped by Thomas Greiss without a rebound.
19:57 of 1st period - Jake Guentzel wins face-off versus Jared Knight in Patriotes zone.
Goals for this period are 1 for Influenza vs 1 for Patriotes.
Shots for this period are 10 for Influenza vs 12 for Patriotes.

2nd period


0:01 of 2nd period - Charlie Coyle wins face-off versus Christian Hanson in neutral zone.
0:26 of 2nd period - Emerson Etem is hit by Iiro Pakarinen and loses puck.
0:31 of 2nd period - Snap shot by Mark Olver.
0:31 of 2nd period - Shot Blocked by Evgeny Kuznetsov.
0:33 of 2nd period - Slapshot by Max Domi.
0:33 of 2nd period - Stopped by Thomas Greiss with a rebound.
0:35 of 2nd period - Backhand shot by Paul Ladue.
0:35 of 2nd period - Stopped by Thomas Greiss without a rebound.
0:36 of 2nd period - Jason Zucker wins face-off versus Jake Guentzel in Patriotes zone.
0:43 of 2nd period - Snap shot by Jason Zucker.
0:43 of 2nd period - Stopped by Jeremy Duchesne with a rebound.
0:45 of 2nd period - Slapshot by Shane Sims.
0:45 of 2nd period - Shot Blocked by Jake Guentzel.
0:47 of 2nd period - Snap shot by Shane Sims.
0:47 of 2nd period - Shot Misses the Net.
1:48 of 2nd period - Snap shot by Jake Guentzel.
1:48 of 2nd period - Stopped by Thomas Greiss without a rebound.
1:49 of 2nd period - Tyler Randell wins face-off versus Anthony Mantha in Patriotes zone.
2:08 of 2nd period - Aaron Ness is hit by Jake Guentzel and loses puck.
2:09 of 2nd period - Aaron Ness from Patriotes is injured at 2:09 of 2nd period (Bruised Left Leg).
2:10 of 2nd period - Jimmy Vesey wins face-off versus Christian Hanson in Patriotes zone.
2:25 of 2nd period - Mathieu Carle is hit by Anthony Bitetto.
2:39 of 2nd period - Timothy Kunes is hit by Max Domi and loses puck.
2:46 of 2nd period - Wrist shot by Max Domi.
2:46 of 2nd period - Shot Blocked by Timothy Kunes.
3:22 of 2nd period - Wrist shot by Vince Hinostroza.
3:22 of 2nd period - Stopped by Jeremy Duchesne with a rebound.
3:24 of 2nd period - Slapshot by Shea Theodore.
3:24 of 2nd period - Shot Misses the Net.
3:26 of 2nd period - Slapshot by Shea Theodore.
3:26 of 2nd period - Deflect By Jared Knight.
3:26 of 2nd period - Shot Misses the Net.
3:26 of 2nd period - Puck is out of play.
3:27 of 2nd period - Christian Hanson wins face-off versus Jimmy Vesey in Influenza zone.
3:32 of 2nd period - Wrist shot by Jason Zucker.
3:32 of 2nd period - Stopped by Jeremy Duchesne without a rebound.
3:33 of 2nd period - Christian Hanson wins face-off versus Charlie Coyle in Influenza zone.
4:06 of 2nd period - Wrist shot by Max Domi.
4:06 of 2nd period - Deflect By Matt Calvert.
4:06 of 2nd period - Stopped by Thomas Greiss with a rebound.
4:08 of 2nd period - Slapshot by Mark Olver.
4:08 of 2nd period - Shot Misses the Net.
4:20 of 2nd period - Slapshot by Shane Sims.
4:20 of 2nd period - Shot Misses the Net.
4:22 of 2nd period - Backhand shot by Shane Sims.
4:22 of 2nd period - Deflect By Aleksander Barkov.
4:22 of 2nd period - Shot Misses the Net.
4:22 of 2nd period - Puck is out of play.
4:23 of 2nd period - Aleksander Barkov wins face-off versus Charlie Coyle in Influenza zone.
4:34 of 2nd period - Wrist shot by Justin Florek.
4:34 of 2nd period - Stopped by Jeremy Duchesne without a rebound.
4:35 of 2nd period - Jimmy Vesey wins face-off versus Christian Hanson in Influenza zone.
5:34 of 2nd period - Wrist shot by Johan Larsson.
5:34 of 2nd period - Shot Misses the Net.
5:40 of 2nd period - Minor Penalty to Borna Rendulic for Holding.
5:41 of 2nd period - Jason Zucker wins face-off versus Jimmy Vesey in Patriotes zone.
6:12 of 2nd period - Snap shot by Iiro Pakarinen.
6:12 of 2nd period - Stopped by Thomas Greiss with a rebound.
6:14 of 2nd period - Slapshot by Tim Erixon.
6:14 of 2nd period - Goal by Tim Erixon - Influenza : 2 - Patriotes : 1.
6:15 of 2nd period - Charlie Coyle wins face-off versus Tyler Randell in neutral zone.
6:40 of 2nd period - Emerson Etem is hit by Mark Olver and loses puck.
7:07 of 2nd period - Slapshot by Aleksander Barkov.
7:07 of 2nd period - Shot Misses the Net.
7:09 of 2nd period - Snap shot by Justin Florek.
7:09 of 2nd period - Shot Misses the Net.
7:11 of 2nd period - Snap shot by Justin Florek.
7:11 of 2nd period - Deflect By Calvin de Haan.
7:11 of 2nd period - Stopped by Jeremy Duchesne without a rebound.
7:12 of 2nd period - Christian Hanson wins face-off versus Beau Bennett in Influenza zone.
7:19 of 2nd period - Slapshot by Charlie Coyle.
7:19 of 2nd period - Stopped by Thomas Greiss with a rebound.
7:30 of 2nd period - Minor Penalty to Shea Theodore for Roughing.
7:31 of 2nd period - Beau Bennett wins face-off versus Jason Zucker in Patriotes zone.
7:31 of 2nd period - Slapshot by Jimmy Vesey.
7:31 of 2nd period - Stopped by Thomas Greiss with a rebound.
7:33 of 2nd period - Snap shot by Beau Bennett.
7:33 of 2nd period - Shot Misses the Net.
7:35 of 2nd period - Slapshot by Mathieu Carle.
7:35 of 2nd period - Deflect By Jimmy Vesey.
7:35 of 2nd period - Shot Misses the Net.
7:35 of 2nd period - Puck is out of play.
7:36 of 2nd period - Jason Zucker wins face-off versus Jimmy Vesey in Patriotes zone.
8:19 of 2nd period - Wrist shot by Beau Bennett.
8:19 of 2nd period - Goal by Beau Bennett - Influenza : 3 - Patriotes : 1.
8:20 of 2nd period - Christian Hanson wins face-off versus Mark Olver in neutral zone.
8:34 of 2nd period - Snap shot by Iiro Pakarinen.
8:34 of 2nd period - Shot Misses the Net.
8:36 of 2nd period - Wrist shot by Iiro Pakarinen.
8:36 of 2nd period - Stopped by Thomas Greiss with a rebound.
8:46 of 2nd period - Anthony Mantha is hit by Matt Calvert and loses puck.
9:07 of 2nd period - Wrist shot by Jordan Schroeder.
9:07 of 2nd period - Stopped by Thomas Greiss with a rebound.
9:09 of 2nd period - Slapshot by Mathieu Carle.
9:09 of 2nd period - Stopped by Thomas Greiss without a rebound.
9:10 of 2nd period - Christian Hanson wins face-off versus Jordan Schroeder in Patriotes zone.
9:35 of 2nd period - Aleksander Barkov is hit by Charlie Coyle and loses puck.
10:08 of 2nd period - Snap shot by Mark Olver.
10:08 of 2nd period - Shot Misses the Net.
10:28 of 2nd period - Icing by David Kolomatis.
10:29 of 2nd period - Christian Hanson wins face-off versus Charlie Coyle in Patriotes zone.
10:44 of 2nd period - Slapshot by Mathieu Carle.
10:44 of 2nd period - Deflect By Christian Hanson.
10:44 of 2nd period - Stopped by Thomas Greiss without a rebound.
10:45 of 2nd period - Evgeny Kuznetsov wins face-off versus Mark Olver in Patriotes zone.
11:57 of 2nd period - Slapshot by Shea Theodore.
11:57 of 2nd period - Deflect By Dmitry Sinitsyn.
11:57 of 2nd period - Stopped by Jeremy Duchesne with a rebound.
11:59 of 2nd period - Backhand shot by Dale Weise.
11:59 of 2nd period - Shot Blocked by Dmitry Sinitsyn.
12:15 of 2nd period - Backhand shot by Mark Olver.
12:15 of 2nd period - Stopped by Thomas Greiss without a rebound.
12:16 of 2nd period - Mark Olver wins face-off versus Evgeny Kuznetsov in Patriotes zone.
12:41 of 2nd period - Jason Zucker is hit by Calvin de Haan and loses puck.
13:26 of 2nd period - Snap shot by Jordan Schroeder.
13:26 of 2nd period - Stopped by Thomas Greiss without a rebound.
13:27 of 2nd period - Jimmy Vesey wins face-off versus Christian Hanson in Patriotes zone.
13:38 of 2nd period - Slapshot by Jimmy Vesey.
13:38 of 2nd period - Stopped by Thomas Greiss with a rebound.
15:00 of 2nd period - Off-side.
15:01 of 2nd period - Jared Knight wins face-off versus Charlie Coyle in neutral zone.
15:26 of 2nd period - Christian Hanson is hit by Calvin de Haan and loses puck.
15:51 of 2nd period - Slapshot by Calvin de Haan.
15:51 of 2nd period - Stopped by Thomas Greiss with a rebound.
15:53 of 2nd period - Snap shot by Calvin de Haan.
15:53 of 2nd period - Stopped by Thomas Greiss without a rebound.
15:54 of 2nd period - Mark Olver wins face-off versus Evgeny Kuznetsov in Patriotes zone.
16:19 of 2nd period - Christian Hanson is hit by Charlie Coyle and loses puck.
16:46 of 2nd period - Minor Penalty to Anthony Mantha for Roughing.
16:47 of 2nd period - Christian Hanson wins face-off versus Charlie Coyle in Influenza zone.
16:47 of 2nd period - Snap shot by Jason Zucker.
16:47 of 2nd period - Shot Misses the Net.
17:17 of 2nd period - Wrist shot by Matt Calvert.
17:17 of 2nd period - Shot Misses the Net.
17:41 of 2nd period - Jimmy Vesey is hit by Tyler Randell and loses puck.
18:46 of 2nd period - Penalty to Anthony Mantha is over, Anthony Mantha is back on ice.
19:09 of 2nd period - Slapshot by Shane Sims.
19:09 of 2nd period - Shot Blocked by Mark Olver.
19:11 of 2nd period - Slapshot by Shane Sims.
19:11 of 2nd period - Stopped by Jeremy Duchesne with a rebound.
19:20 of 2nd period - Off-side.
19:21 of 2nd period - Aleksander Barkov wins face-off versus Jordan Schroeder in neutral zone.
19:47 of 2nd period - Slapshot by Shea Theodore.
19:47 of 2nd period - Shot Misses the Net.
19:49 of 2nd period - Snap shot by Christian Hanson.
19:49 of 2nd period - Shot Misses the Net.
Goals for this period are 2 for Influenza vs 0 for Patriotes.
Shots for this period are 18 for Influenza vs 7 for Patriotes.

3rd period


0:01 of 3rd period - Christian Hanson wins face-off versus Charlie Coyle in neutral zone.
0:05 of 3rd period - Timothy Kunes is hit by Mathieu Carle and loses puck.
0:12 of 3rd period - Slapshot by Jason Zucker.
0:12 of 3rd period - Shot Misses the Net.
0:14 of 3rd period - Wrist shot by Christian Hanson.
0:14 of 3rd period - Shot Misses the Net.
0:16 of 3rd period - Snap shot by Anthony Bitetto.
0:16 of 3rd period - Shot Blocked by Jimmy Vesey.
0:47 of 3rd period - Wrist shot by Mathieu Carle.
0:47 of 3rd period - Deflect By Jake Guentzel.
0:47 of 3rd period - Shot Blocked by David Kolomatis.
0:47 of 3rd period - Puck is out of play.
0:48 of 3rd period - Jake Guentzel wins face-off versus Justin Florek in Patriotes zone.
0:55 of 3rd period - Anthony Bitetto is hit by Tim Erixon and loses puck.
2:39 of 3rd period - Wrist shot by Tyler Randell.
2:39 of 3rd period - Shot Misses the Net.
2:57 of 3rd period - Slapshot by Iiro Pakarinen.
2:57 of 3rd period - Shot Blocked by Emerson Etem.
2:59 of 3rd period - Slapshot by Iiro Pakarinen.
2:59 of 3rd period - Shot Misses the Net.
3:01 of 3rd period - Slapshot by Dmitry Sinitsyn.
3:01 of 3rd period - Shot Misses the Net.
4:12 of 3rd period - Minor Penalty to Christian Hanson for Checking from behind.
4:13 of 3rd period - Charlie Coyle wins face-off versus Matt Calvert in Patriotes zone.
5:58 of 3rd period - Snap shot by Jason Zucker.
5:58 of 3rd period - Stopped by Jeremy Duchesne with a rebound.
6:12 of 3rd period - Penalty to Christian Hanson is over, Christian Hanson is back on ice.
6:20 of 3rd period - Slapshot by Evgeny Kuznetsov.
6:20 of 3rd period - Deflect By Tim Erixon.
6:20 of 3rd period - Stopped by Jeremy Duchesne with a rebound.
6:22 of 3rd period - Wrist shot by Evgeny Kuznetsov.
6:22 of 3rd period - Deflect By Paul Ladue.
6:22 of 3rd period - Stopped by Jeremy Duchesne without a rebound.
6:23 of 3rd period - Borna Rendulic wins face-off versus Jordan Schroeder in Influenza zone.
6:24 of 3rd period - Snap shot by Aleksander Barkov.
6:24 of 3rd period - Stopped by Jeremy Duchesne without a rebound.
6:25 of 3rd period - Aleksander Barkov wins face-off versus Jake Guentzel in Influenza zone.
6:34 of 3rd period - Wrist shot by Shea Theodore.
6:34 of 3rd period - Shot Blocked by Nikita Zadorov.
6:59 of 3rd period - Snap shot by Mark Olver.
6:59 of 3rd period - Stopped by Thomas Greiss without a rebound.
7:00 of 3rd period - Christian Hanson wins face-off versus Charlie Coyle in Patriotes zone.
8:27 of 3rd period - Dillon Heatherington is hit by Jimmy Vesey.
8:31 of 3rd period - Wrist shot by Shea Theodore.
8:31 of 3rd period - Shot Misses the Net.
9:16 of 3rd period - Icing by Tim Erixon.
9:17 of 3rd period - Mark Olver wins face-off versus Christian Hanson in Influenza zone.
9:25 of 3rd period - Slapshot by Tim Erixon.
9:25 of 3rd period - Stopped by Thomas Greiss with a rebound.
9:27 of 3rd period - Slapshot by Tim Erixon.
9:27 of 3rd period - Shot Blocked by David Kolomatis.
9:29 of 3rd period - Slapshot by Paul Ladue.
9:29 of 3rd period - Deflect By Tyler Randell.
9:29 of 3rd period - Stopped by Thomas Greiss with a rebound.
9:31 of 3rd period - Slapshot by Jake Guentzel.
9:31 of 3rd period - Shot Misses the Net.
9:33 of 3rd period - Wrist shot by Jake Guentzel.
9:33 of 3rd period - Stopped by Thomas Greiss with a rebound.
9:45 of 3rd period - Wrist shot by Jordan Schroeder.
9:45 of 3rd period - Stopped by Thomas Greiss with a rebound.
9:47 of 3rd period - Slapshot by Tim Erixon.
9:47 of 3rd period - Stopped by Thomas Greiss with a rebound.
9:49 of 3rd period - Slapshot by Paul Ladue.
9:49 of 3rd period - Stopped by Thomas Greiss with a rebound.
9:51 of 3rd period - Backhand shot by Justin Bailey.
9:51 of 3rd period - Stopped by Thomas Greiss without a rebound.
9:52 of 3rd period - Evgeny Kuznetsov wins face-off versus Charlie Coyle in Patriotes zone.
9:54 of 3rd period - Minor Penalty to Timothy Kunes for Roughing.
9:55 of 3rd period - Charlie Coyle wins face-off versus Jason Zucker in Patriotes zone.
11:18 of 3rd period - Max Domi is hit by Matt Calvert.
11:54 of 3rd period - Penalty to Timothy Kunes is over, Timothy Kunes is back on ice.
12:23 of 3rd period - Minor Penalty to Jake Guentzel for Holding.
12:24 of 3rd period - Charlie Coyle wins face-off versus Christian Hanson in Influenza zone.
12:35 of 3rd period - Slapshot by Anthony Bitetto.
12:35 of 3rd period - Stopped by Jeremy Duchesne with a rebound.
12:37 of 3rd period - Wrist shot by Christian Hanson.
12:37 of 3rd period - Shot Misses the Net.
12:56 of 3rd period - Snap shot by Matt Calvert.
12:56 of 3rd period - Shot Misses the Net.
14:18 of 3rd period - David Kolomatis is hit by Jordan Schroeder and loses puck.
14:23 of 3rd period - Penalty to Jake Guentzel is over, Jake Guentzel is back on ice.
14:33 of 3rd period - Wrist shot by Jared Knight.
14:33 of 3rd period - Stopped by Jeremy Duchesne without a rebound.
14:34 of 3rd period - Mark Olver wins face-off versus Jared Knight in Influenza zone.
14:45 of 3rd period - Wrist shot by Max Domi.
14:45 of 3rd period - Stopped by Thomas Greiss without a rebound.
14:46 of 3rd period - Evgeny Kuznetsov wins face-off versus Mark Olver in Patriotes zone.
14:53 of 3rd period - Icing by Nikita Zadorov.
14:54 of 3rd period - Matt Calvert wins face-off versus Mark Olver in Influenza zone.
14:56 of 3rd period - Minor Penalty to Timothy Kunes for Tripping.
14:57 of 3rd period - Jason Zucker wins face-off versus Charlie Coyle in Patriotes zone.
15:08 of 3rd period - Snap shot by Jason Zucker.
15:08 of 3rd period - Stopped by Jeremy Duchesne with a rebound.
15:10 of 3rd period - Wrist shot by Matt Calvert.
15:10 of 3rd period - Goal by Matt Calvert - Influenza : 3 - Patriotes : 2.
15:11 of 3rd period - Charlie Coyle wins face-off versus Jason Zucker in neutral zone.
16:28 of 3rd period - Beau Bennett is hit by Dillon Heatherington and loses puck.
16:56 of 3rd period - Penalty to Timothy Kunes is over, Timothy Kunes is back on ice.
17:32 of 3rd period - Dmitry Sinitsyn is hit by Jared Knight and loses puck.
18:22 of 3rd period - Snap shot by Anthony Mantha.
18:22 of 3rd period - Stopped by Thomas Greiss with a rebound.
18:50 of 3rd period - Patriotes, Thomas Greiss is pulled from the net.
19:12 of 3rd period - Slapshot by Christian Hanson.
19:12 of 3rd period - Shot Misses the Net.
19:14 of 3rd period - Wrist shot by Anthony Bitetto.
19:14 of 3rd period - Shot Blocked by Charlie Coyle.
19:16 of 3rd period - Slapshot by Shea Theodore.
19:16 of 3rd period - Shot Misses the Net.
19:18 of 3rd period - Snap shot by Christian Hanson.
19:18 of 3rd period - Stopped by Jeremy Duchesne with a rebound.
19:20 of 3rd period - Slapshot by Shea Theodore.
19:20 of 3rd period - Stopped by Jeremy Duchesne with a rebound.
19:22 of 3rd period - Snap shot by Anthony Bitetto.
19:22 of 3rd period - Stopped by Jeremy Duchesne without a rebound.
19:23 of 3rd period - Brent Sutter call a timeout for Patriotes.
19:23 of 3rd period - Charlie Coyle wins face-off versus Christian Hanson in Influenza zone.
19:33 of 3rd period - Minor Penalty to Calvin de Haan for Interference.
19:34 of 3rd period - Christian Hanson wins face-off versus Charlie Coyle in Influenza zone.
19:34 of 3rd period - Slapshot by Tyler Randell.
19:34 of 3rd period - Shot Misses the Net.
19:42 of 3rd period - Slapshot by Jason Zucker.
19:42 of 3rd period - Stopped by Jeremy Duchesne with a rebound.
19:44 of 3rd period - Slapshot by Timothy Kunes.
19:44 of 3rd period - Shot Misses the Net.
Goals for this period are 0 for Influenza vs 1 for Patriotes.
Shots for this period are 10 for Influenza vs 12 for Patriotes.